 Dungeon Crawl Stone Soup version 0.28.0-53-g5a82cb258f (webtiles) character file.

Game seed: 3493652298564568449

4 Zeld the Gusty (level 1, -2/10 HPs)
             Began as a Tengu Air Elementalist on June 7, 2022.
             Killed from afar by Natasha (9 damage)
             ... with a magic dart
             ... on level 3 of the Dungeon.
             The game lasted 00:00:27 (335 turns).

Zeld the Gusty (Tengu Air Elementalist)              Turns: 335, Time: 00:00:28

Health: -2/10      AC:  2    Str:  8    XL:     1   Next: 70%
Magic:  4/4        EV: 12    Int: 15    God:
Gold:   0          SH:  0    Dex: 14    Spells: 3/4 levels left

rFire   . . .      SeeInvis .   (no weapon)
rCold   . . .      Faith    .   (no shield)
rNeg    . . .      Spirit   .   a - +0 robe
rPois   .          Reflect  .   (helmet restricted)
rElec   .          Harm     .   (no cloak)
rCorr   .          Rampage  .   (no gloves)
Will    .....                   (boots unavailable)
Stlth   ++........              c - amulet of the acrobat
HPRegen 0.03/turn               (no ring)
MPRegen 0.09/turn               (no ring)

@: no status effects
A: beak, talons 3
a: no special abilities


You were on level 3 of the Dungeon.
You visited 1 branch of the dungeon, and saw 3 of its levels.

Inventory:

Armour
 a - a +0 robe (worn)
Jewellery
 c - an amulet of the acrobat (around neck)
Potions
 b - a potion of mutation {unknown}


   Skills:
 - Level 2.1 Dodging
 - Level 2.0 Stealth
 * Level 2.1 Spellcasting
 + Level 1.6 Conjurations
 * Level 4.2 Air Magic


You had 3 spell levels left.
You knew the following spells:

 Your Spells              Type           Power      Damage    Failure   Level
a - Shock                 Conj/Air       40%        1d5       7%          1

Your spell library contained the following spells:

 Spells                   Type           Power      Damage    Failure   Level
 Static Discharge         Conj/Air       10%        N/A       10%         2
 Swiftness                Air            14%        N/A       12%         3
 Airstrike                Air            7%         N/A       36%         4


Dungeon Overview and Level Annotations

Branches:
Dungeon (3/15)

Altars:

Annotations:
D:2 1 runed translucent door, Crazy Yiuf
D:3 Natasha


Innate Abilities, Weirdness & Mutations

You have a beak for a mouth.
You have claws for feet.


Message History

There is a stone staircase leading down here.
b - a smoky grey potion
c - an amulet of the acrobat No target in view!
No target in view!
Found a mace.
Found a runed translucent door.
You can't see any susceptible monsters within range! (Use Z to cast anyway.)
You can't see any susceptible monsters within range! (Use Z to cast anyway.) Autopickup disabled for amulets of the acrobat.
You drop an amulet of the acrobat.
c - an amulet of the acrobat You start putting on your amulet.
You continue putting on your amulet of the acrobat. x5
You finish putting on your amulet of the acrobat.
You feel ready to tumble and roll out of harm's way.
c - an amulet of the acrobat (around neck) Crazy Yiuf shouts!
Press: ? - help, v - describe, . - travel
Here: Crazy Yiuf, wielding a +2 quarterstaff of chaos and wearing a +0 cloak (fire blocked by a runed translucent door)
The floor.
Crazy Yiuf yells, "Defame poople green!"
There is a stone staircase leading down here.
You climb downwards.
Found a scroll labelled LAHIT XUADD.
There is a stone staircase leading up here.
There are monsters nearby!
There are monsters nearby!
That beam is likely to hit you.
Continue anyway?
Okay, then.
Natasha hisses angrily.
Natasha mumbles some strange words.
Natasha's front paws start to glow.
Natasha mumbles some strange words.
The endoplasm quivers.
Natasha casts a spell at you. The magic dart hits you.
The endoplasm completely misses you. Natasha casts a spell at you.
The magic dart hits you!
Ouch! That really hurt!
You die...

###### ......#
.......##
......... #
..h.....####..#
...............
.......@J#
.........#
..........#
.......#...#
....... ....#
....... ....#
....... ...##
.?..... ..##


You could see Natasha and an endoplasm.

Vanquished Creatures
  A giant cockroach (D:1)
  A kobold (D:1)
  A quokka (D:1)
  A goblin (D:1)
4 creatures vanquished.

Notes
Turn   | Place    | Note
-------+----------+-------------------------------------------
     0 | D:1      | Zeld the Tengu Air Elementalist began the quest for the
                  | Orb.
     0 | D:1      | Reached XP level 1. HP: 10/10 MP: 4/4
   293 | D:2      | Found a runed translucent door.
   301 | D:2      | Noticed Crazy Yiuf
   330 | D:3      | Noticed Natasha
   335 | D:3      | Killed from afar by Natasha

Illustrated notes

Levels and vault maps discovered:
D:1:      amcnicky_arrival_single_pillar, layout_basic, minivault_24
D:2:      wad_lake_hut, layout_basic, uniq_crazy_yiuf_cottage
D:3:      layout_rooms, minivault_19, uniq_natasha

Action                   || total
-------------------------++-------
Melee: Unarmed           ||     4
       Kick              ||     1
       Peck              ||     1
       Punch             ||     1
 Cast: Shock             ||     7
 Stab: Sleeping          ||     1
Dodge: Dodged            ||     3
